 Dungeon Crawl Stone Soup version 0.31-a0-1405-g2bb1a01664 (webtiles) character file.

Game seed: 8525129917276957204

114 Sobieck the Shooter (level 4, -3/34 HPs)
             Began as a Barachi Hunter on Dec 25, 2023.
             Slain by a gnoll
             ... wielding a +0 spear
              (7 damage)
             ... on level 2 of the Dungeon.
             The game lasted 00:02:19 (1232 turns).

Sobieck the Shooter (Barachi Hunter)                Turns: 1232, Time: 00:02:20

Health: -3/34      AC:  3    Str: 12    XL:     4   Next: 97%
Magic:  4/4        EV: 12    Int:  9    God:
Gold:   40         SH:  0    Dex: 18    Spells: 3/3 levels left

rFire   . . .        a - +0 shortbow
rCold   . . .        (shield currently unavailable)
rNeg    + . .        c - +0 leather armour
rPois   .            (no helmet)
rElec   .            (no cloak)
rCorr   .            (no gloves)
SInv    .            (no boots)
Will    .....        (no amulet)
Stlth   ++           n - ring of positive energy
HPRegen 0.25/turn    (no ring)
MPRegen 0.09/turn

%: no passive effects
@: slow
A: amphibious, slowness 1, strong legs 1, +LOS
a: Hop


You were on level 2 of the Dungeon.
You visited 1 branch of the dungeon, and saw 2 of its levels.

You collected 40 gold pieces.

Inventory:

Hand Weapons
 a - a +0 shortbow (weapon)
Armour
 c - a +0 leather armour (worn)
 h - a +1 pair of boots
 i - a +2 pair of boots
Jewellery
 n - a ring of positive energy (left hand)
Scrolls
 b - a scroll of butterflies
 d - 2 scrolls of fog {unknown}
 f - a scroll of identify {unknown}
Potions
 e - 2 potions of curing {unknown}
 g - 2 potions of lignification {unknown}
 j - a potion of ambrosia {unknown}


   Skills:
 - Level 2.4 Fighting
 + Level 6.1 Ranged Weapons
 - Level 2.1 Dodging
 - Level 0.8 Stealth


You had 3 spell levels left.
You didn't know any spells.
Your spell library was empty.

Dungeon Overview and Level Annotations

Branches:
Dungeon (2/15)

Altars:

Shops:
D:2 =


Innate Abilities, Weirdness & Mutations

You are amphibious.
You cover ground slowly.
You can hop short distances.
You have an extended range of vision and can be seen from far away.


Message History

The arrow hits the gnoll but does no damage.
The gnoll is severely wounded.
The gnoll hits you with a +0 whip.
You shoot an arrow. The arrow hits the gnoll!
You kill the gnoll!
The kobold throws a stone.
The stone hits you.
Your Ranged Weapons skill increases to level 6!
You shoot an arrow.
The arrow hits the kobold but does no damage.
You shoot an arrow.
The arrow hits the kobold but does no damage.
The kobold misses you. The gnoll barely misses you.
You shoot an arrow.
The arrow hits the kobold but does no damage.
The kobold hits you but does no damage. The gnoll barely misses you.
The gnoll hits you from afar with a +0 spear.
The kobold hits you but does no damage.
You shoot an arrow.
The arrow hits the kobold but does no damage.
The gnoll hits you from afar with a +0 spear.
The kobold closely misses you.
You are too injured to fight recklessly!
You are too injured to fight recklessly!
You are too injured to fight recklessly!
You are too injured to fight recklessly!
You shoot an arrow. The arrow hits the kobold.
You kill the kobold!
The gnoll barely misses you. The gnoll closely misses you.
Items here: $ ( )) [ ††.
You shoot an arrow. The arrow hits the gnoll.
The gnoll is lightly wounded.
The gnoll barely misses you.
Unknown command.
You shoot an arrow. The arrow hits the gnoll.
The gnoll is moderately wounded.
The gnoll misses you.
You shoot an arrow. The arrow barely misses the gnoll.
The arrow hits the adder.
You kill the adder!
The gnoll hits you with a +0 spear.
You shoot an arrow. The arrow closely misses the gnoll.
The gnoll barely misses you.
Unknown command.
You shoot an arrow. The arrow closely misses the gnoll.
The gnoll hits you with a +0 spear. The gnoll hits you with a +0 spear!
* * * LOW HITPOINT WARNING * * *
You shoot an arrow. The arrow barely misses the gnoll.
The gnoll hits you with a +0 spear!
You die...

... #.##.# ... .....# #.# #.####
#.# #.# #.# #.# #.# ..# #†#
########## #g# #........### #@#
#.######.#.## #.# #####....## #.#
#.........###.######## #
#.##.................#########
#.##.###.....#.....####.........#
#........(..###...## ##.........
####.#####.## ##.## #..##.##..
#.# ### #.# #..##.##..


You could see a gnoll.

Vanquished Creatures
  Jessica (D:2)
  3 gnolls (D:2)
  2 adders (D:2)
  2 dart slugs
  2 bats
  3 endoplasms (D:1)
  A giant cockroach (D:2)
  4 hobgoblins (D:1)
  4 jackals (D:1)
  8 kobolds
  A quokka (D:1)
  3 ball pythons
  2 frilled lizards
  2 goblins (D:1)
38 creatures vanquished.

Notes
Turn   | Place    | Note
-------+----------+-------------------------------------------
     0 | D:1      | Sobieck the Barachi Hunter began the quest for the Orb.
     0 | D:1      | Reached XP level 1. HP: 17/17 MP: 1/1
    86 | D:1      | Reached XP level 2. HP: 9/23 MP: 2/2
   365 | D:1      | Reached XP level 3. HP: 28/28 MP: 3/3
   524 | D:1      | Reached skill level 5 in Ranged Weapons
   857 | D:2      | Noticed Jessica
   860 | D:2      | Killed Jessica
   861 | D:2      | Reached XP level 4. HP: 30/34 MP: 4/4
  1111 | D:2      | Found Naobaew's Jewellery Emporium.
  1221 | D:2      | Reached skill level 6 in Ranged Weapons
  1232 | D:2      | Slain by a gnoll

Illustrated notes

Levels and vault maps discovered:
D:1:      scummos_arrival_checkerplants, layout_loops_ring
D:2:      layout_loops_corners, serial_shops, shop, uniq_jessica

Skill      XL: |  1  2  3  4 |
---------------+-------------+-----
Ranged Weapons | 5 6 |  6.1
Fighting       | |  2.4
Dodging        | |  2.1
Stealth        | |  0.8

Action                     |  1- 3 |  4- 6 || total
---------------------------+-------+-------++-------
   Fire: Shortbow          |    96 |    44 ||   140
 Armour: Leather armour    |    33 |    17 ||    50
  Dodge: Dodged            |    33 |    27 ||    60

Table legend: (Time is in decaauts)
 A = Elapsed time spent in this place.
 B = Non-inter-level travel time spent in this place.
 C = Inter-level travel time spent in this place.
 D = Time resting spent in this place.
 E = Time spent auto-exploring this place.
 F = Levels seen in this place.
 G = Mean time per level.
                   A        B        C        D        E       F      G
               +--------+--------+--------+--------+--------+-----+--------+
         Total |   1442 |   1418 |     24 |     66 |   1111 |   2 |  721.0 |
       Dungeon |   1442 |   1418 |     24 |     66 |   1111 |   2 |  721.0 |
               +--------+--------+--------+--------+--------+-----+--------+

Top non-repeatable levels by time:
     D:1: 821 daAuts
     D:2: 620 daAuts
